 Dungeon Crawl Stone Soup version 0.19.1 (webtiles) character file.

44 Malachi the Insei (level 3, 0/26 HPs)
             Began as a Demonspawn Transmuter on Dec 6, 2016.
             Killed from afar by Sigmund (5 damage)
             ... with a magic dart
             ... on level 2 of the Dungeon.
             The game lasted 00:02:08 (2197 turns).

Malachi the Insei (Demonspawn Transmuter)           Turns: 2197, Time: 00:02:09

Health: 0/26       AC:  3    Str: 10    XL:     3   Next: 41%
Magic:  0/6        EV: 12    Int: 18    God:
Gold:   43         SH:  0    Dex: 13    Spells: 2 memorised, 3 levels left

rFire  . . .     SeeInvis .       - Unarmed
rCold  . . .     Gourm    .     b - +0 robe
rNeg   . . .     Faith    .     (no shield)
rPois  .         Spirit   +     (no helmet)
rElec  .         Reflect  .     (no cloak)
rCorr  .         Harm     .     n - +0 pair of gloves
MR     .....                    (no boots)
Stlth  +.........               (no amulet)
                                (no ring)
                                g - +3 ring of intelligence

@: no status effects
A: talons 1, magic shield
a: no special abilities


You were on level 2 of the Dungeon.
You were not hungry.

You visited 1 branch of the dungeon, and saw 2 of its levels.

You collected 43 gold pieces.

Inventory:

Missiles
 a - 29 arrows
Armour
 b - a +0 robe (worn)
 n - a +0 pair of gloves (worn)
Jewellery
 g - a +3 ring of intelligence (left hand)
Scrolls
 e - 2 scrolls of enchant weapon {unknown}
 f - 4 scrolls of identify {unknown}
 j - a scroll of teleportation {unknown}
 k - a scroll of noise {unknown}
 m - a scroll of amnesia {unknown}
Potions
 h - 2 potions of curing {unknown}
 l - a potion of heal wounds {unknown}
 p - a potion of experience {unknown}
 q - a potion of flight {unknown}
Books
 c - a book of Changes

   Spells                             Type                      Level
   a - Beastly Appendage              Transmutation                1
   b - Sticks to Snakes               Transmutation                2
   c - Spider Form                    Transmutation/Poison         3
   d - Ice Form                       Ice/Transmutation            4
   e - Blade Hands                    Transmutation                5
Comestibles
 d - 2 bread rations
 i - 2 fruits


   Skills:
 + Level 1.3 Fighting
 + Level 2.0 Dodging
 + Level 0.2 Stealth
 + Level 3.4 Unarmed Combat
 + Level 2.1 Spellcasting
 + Level 2.1 Transmutations


You had 3 spell levels left.
You knew the following spells:

 Your Spells              Type           Power        Failure   Level  Hunger
a - Beastly Appendage     Tmut           #.....       10%         1    #......
b - Sticks to Snakes      Tmut           #.......     12%         2    ###....


Dungeon Overview and Level Annotations

Branches:
Dungeon (2/15)

Altars:

Annotations:
D:2 Sigmund


Innate Abilities, Weirdness & Mutations

You have sharp toenails.
When hurt, damage is shared between your health and your magic reserves.


Message History

Press: ? - help, Dir - move target cursor, f - you Really target yourself? [Y]es or [N]o only, please.
Really target yourself?
Okay, then.
What are your orders? t - Shout!
Orders for allies: a - Attack new target. r - Retreat! s - Stop attacking. g - Guard the area. f - Follow me.
Anything else - Cancel.
Gang up on whom?
Press: ? - help, Dir - move target cursor There's nothing there!
You closely miss something. Your kick misses something. Something hits you!
* * * LOW HITPOINT WARNING * * *
You swap places.
A magic dart appears from out of thin air!
The magic dart hits you!
You die...

#.# ####.# #.# #.#.#.#.#.#
#####..#.#####.###.........##
....#..............#.#.#.#..#
###.#.##.#####.##...........#
###.#.##.# #.....#.#.#.#..#
....#.##.# ###<##...........#
#####....# #.....##.#######.#
#...## #.....##.........#
#...# #....@..>#########
#.### #..S.)#### #.# #..S..#
###.## #.#{### #....# #.#.#
#.#### #.#.# #.# ####.#.# #.#
#.##.#.# #.# #......#


You could see a friendly adder and a friendly ball python.

Vanquished Creatures
  2 oozes (D:2)
  2 worms (D:2)
  A dart slug (D:1)
  A leopard gecko (D:1)
  4 bats
  4 goblins
  4 hobgoblins
  3 kobolds
  7 rats
28 creatures vanquished.

Notes
Turn   | Place    | Note
-------+----------+-------------------------------------------
     0 | D:1      | Malachi the Demonspawn Transmuter began the quest for the Orb.
     0 | D:1      | Reached XP level 1. HP: 15/15 MP: 3/3
   365 | D:1      | Reached skill level 3 in Unarmed Combat
   367 | D:1      | Gained mutation: When hurt, damage is shared between your health and your magic reserves. [demonic ancestry]
   367 | D:1      | Reached XP level 2. HP: 17/21 MP: 3/5
  1332 | D:2      | HP: 1/21 [ooze (2)]
  1333 | D:2      | Gained mutation: You have sharp toenails. [demonic ancestry]
  1333 | D:2      | Reached XP level 3. HP: 2/26 MP: 0/6
  1934 | D:2      | Learned a level 2 spell: Sticks to Snakes
  2170 | D:2      | Noticed Sigmund
  2197 | D:2      | Killed from afar by Sigmund

Skill      XL: |  1  2 |
---------------+-------+-----
Unarmed Combat | 3 |  3.4
Transmutations | 2 |  2.1
Dodging        | 2 |  2.0
Fighting       | |  1.3
Stealth        | |  0.2
Spellcasting   | |  2.1

Action                   || total
-------------------------++-------
Melee: Unarmed           ||   123
       Kick              ||     9
       Headbutt          ||     1
       Punch             ||     1
 Cast: Beastly Appendage ||     4
       Sticks to Snakes  ||     3
  Eat: Chunk             ||     4
Armor: Robe              ||    18
Dodge: Dodged            ||    75
